 Dungeon Crawl Stone Soup version 0.18-a0-1542-g9c1a92e (webtiles) character file.

114 lorenzova the Conjurer (level 4, -3/24 HPs)
             Began as a Deep Elf Conjurer on Mar 10, 2016.
             Killed by divine providence
             ... invoked by an orc priest
              (12 damage)
             ... on level 3 of the Dungeon.
             The game lasted 00:05:46 (2925 turns).

lorenzova the Conjurer (Deep Elf Conjurer)          Turns: 2925, Time: 00:05:46

Health: -3/24      AC:  2    Str:  5    XL:     4   Next: 67%
Magic:  2/13       EV: 14    Int: 21    God:
Gold:   37         SH:  0    Dex: 15    Spells: 2 memorised, 8 levels left

rFire  . . .     SeeInvis .     q - +3 dagger
rCold  . . .     Gourm    .     a - +0 robe
rNeg   . . .     Faith    .     (no shield)
rPois  .         Spirit   .     (no helmet)
rElec  .         Dismiss  +     (no cloak)
rCorr  .         Reflect  .     (no gloves)
SustAt .         Harm     .     (no boots)
MR     .....                    i - amulet of dismissal
Stlth  ++........               (no ring)
                                f - +1 ring of evasion

@: very slightly contaminated, not resistant to hostile enchantments, unstealthy
A: no striking features
a: no special abilities


You were on level 3 of the Dungeon.
You were very hungry.

You visited 1 branch of the dungeon, and saw 3 of its levels.

You collected 37 gold pieces.

Inventory:

Hand Weapons
 h - a +0 short sword
 q - a +3 dagger (weapon)
Armour
 a - a +0 robe (worn)
Jewellery
 f - a +1 ring of evasion (left hand)
 i - an amulet of dismissal (around neck)
Scrolls
 k - 2 scrolls of identify {unknown}
 l - a scroll of fear {unknown}
 p - a scroll of amnesia {unknown}
 s - a scroll of teleportation {unknown}
Potions
 d - 2 potions of haste {unknown}
 e - 2 potions of curing
 g - a potion of brilliance {unknown}
 j - a potion of ambrosia {unknown}
 m - a potion of degeneration {unknown}
 o - a potion of flight {unknown}
 r - a potion of lignification {unknown}
Books
 b - a book of Conjurations

   Spells                             Type                      Level
   a - Magic Dart                     Conjuration                  1
   b - Searing Ray                    Conjuration                  2
   c - Dazzling Spray                 Conjuration/Hexes            3
   d - Fulminant Prism                Conjuration/Hexes            4
   e - Iskenderun's Mystic Blast      Conjuration                  4
   f - Iskenderun's Battlesphere      Conjuration/Charms           5
Comestibles
 c - a bread ration
 n - a beef jerky


   Skills:
 - Level 2.4 Dodging
 - Level 2.4 Stealth
 + Level 5.2 Spellcasting
 + Level 5.6 Conjurations


You had 8 spell levels left.
You knew the following spells:

 Your Spells              Type           Power        Failure   Level  Hunger
a - Magic Dart            Conj           ####         1%          1    None
b - Iskenderun's Mystic   Conj           ####....     14%         4    ####...


Dungeon Overview and Level Annotations

Branches:
Dungeon (3/15)

Altars:
Nemelex Xobeh
Trog


Message History

Aiming: Magic Dart
Press: ? - help, Shift-Dir - straight line, f/p - orc
Aim: an orc, wielding a club and wearing a ring mail The magic dart hits the orc.
The orc barely misses you.
Casting: Magic Dart
Confirm with . or Enter, or press ? or * to list all spells.
Aiming: Magic Dart
Press: ? - help, Shift-Dir - straight line, f/p - orc
Aim: an orc, wielding a club and wearing a ring mail The magic dart hits the orc.
The orc is moderately wounded.
The orc misses you.
The orc priest shouts!
The orc priest casts a cantrip, but nothing happens.
The orc priest calls upon Beogh to heal something.
A rat comes into view.
The orc priest calls down the wrath of Beogh upon you.
Beogh smites you!
Ouch! That really hurt!
You die...

## ###. .#. #r. #. #. ..# #.# #.#
..# #.# #.####..#..# #.#
#.##.@..#..## #.# #.##.#.##...
#.# ######## #.##.#.# #.#### #.##
...o.o.# #......###.##.## #...
.#####.# #.o............####.##
.......#####.##.#..............##
..).##.oo..o.##.....).....####.##
.##......##..####.....#..## #.##
.#####.#.##..####.....#.## #.##


You could see an orc priest, an orc and a rat.

Vanquished Creatures
  A hound (D:3)
  An adder (D:2)
  An adder zombie (D:2)
  3 adder skeletons (D:2)
  5 worms (D:2)
  2 orcs (D:3)
  A bat zombie (D:2)
  A giant cockroach (D:2)
  9 goblins
  5 hobgoblins
  A ball python (D:3)
  5 bats
  A giant gecko zombie (D:2)
  2 giant newts
  A jackal skeleton (D:2)
  7 kobolds
  5 rats
51 creatures vanquished.

Notes
Turn   | Place    | Note
--------------------------------------------------------------
     0 | D:1      | lorenzova the Deep Elf Conjurer began the quest for the Orb.
     0 | D:1      | Reached XP level 1. HP: 10/10 MP: 6/6
   290 | D:1      | Reached XP level 2. HP: 15/15 MP: 6/8
  1127 | D:2      | Found a sparkling altar of Nemelex Xobeh.
  1304 | D:2      | Reached XP level 3. HP: 19/19 MP: 4/10
  1555 | D:2      | Reached skill level 5 in Conjurations
  2142 | D:2      | Noticed a moth of wrath
  2147 | D:2      | Reached XP level 4. HP: 24/24 MP: 8/12
  2161 | D:2      | Found a bloodstained altar of Trog.
  2717 | D:3      | Reached skill level 5 in Spellcasting
  2780 | D:3      | Learned a level 4 spell: Iskenderun's Mystic Blast
  2925 | D:3      | Killed from afar by an orc priest

Vault maps used:
D:1:      dpeg_arrival_windows_large_door
D:2:      nemelex_xobeh_ov_fountains_minmay, serial_undead, serial_undead_c,
          serial_undead_e, serial_undead_d, serial_undead_a, tgw_trog

Skill      XL: |  1  2  3  4 |
---------------+-------------+-----
Spellcasting   | 4 5 |  5.2
Conjurations   | 5 |  5.6
Dodging        | |  2.4
Stealth        | |  2.4

Action                   |  1- 3 |  4- 6 || total
-------------------------+-------+-------++-------
Melee: Short sword       |     1 |       ||     1
       Dagger            |     7 |     6 ||    13
 Cast: Magic Dart        |    82 |    45 ||   127
       Iskenderun's Myst |       |     2 ||     2
  Eat: Meat ration       |     1 |       ||     1
